 Dungeon Crawl Stone Soup version 0.26-a0-538-ge4b5d95 (webtiles) character file.

Game seed: 14538042418762963630

2895 MrTaco21 the Basher (level 9, 0/51 HPs)
             Began as a Gargoyle Fighter on Aug 14, 2020.
             Was an Elder of Okawaru.
             Slain by a wyvern (11 damage)
             ... on level 8 of the Dungeon.
             The game lasted 00:10:51 (7729 turns).

MrTaco21 the Basher (Gargoyle Fighter)              Turns: 7729, Time: 00:10:52

Health: 0/51       AC: 16    Str: 24    XL:     9   Next: 77%
Magic:  9/9        EV:  5    Int:  8    God:    Okawaru [****..]
Gold:   384        SH: 16    Dex: 15    Spells: 8/8 levels left

rFire    . . .     SeeInvis .   w - +2 flail (holy)
rCold    . . .     Faith    .   p - +0 tower shield
rNeg     + + .     Spirit   .   v - +1 scale mail {rN+}
rPois    ∞         Reflect  .   k - +1 hat
rElec    +         Harm     .   (no cloak)
rCorr    .                      m - +0 pair of gloves
MR       .....                  (no boots)
Stlth    ..........             (no amulet)
HPRegen  0.17/turn              t - +6 ring of dexterity
MPRegen  0.11/turn              (no ring)

@: no status effects
A: negative energy resistance 1, electricity resistance, unbreathing,
petrification resistance, rot immunity, AC +6
a: Heroism, Renounce Religion


You were on level 8 of the Dungeon.
You worshipped Okawaru.
Okawaru was greatly pleased with you.
You visited 2 branches of the dungeon, and saw 9 of its levels.

You collected 444 gold pieces.
You spent 60 gold pieces at shops.

Inventory:

Hand Weapons
 w - a +2 flail of holy wrath (weapon)
   (You took it off Edmund on level 5 of the Dungeon)
Missiles
 u - 13 poisoned darts (quivered)
 x - a throwing net {!f}
Armour
 k - a +1 hat (worn)
   (You found it on level 1 of the Dungeon)
 m - a +0 pair of gloves (worn)
   (You found it on level 1 of the Dungeon)
 p - a +0 tower shield (worn)
   (You found it on level 1 of the Dungeon)
 v - a +1 scale mail of positive energy (worn)
   (You took it off an orc on level 3 of the Dungeon)
Jewellery
 t - a +6 ring of dexterity (left hand)
   (You found it on level 3 of the Dungeon)
Wands
 c - a wand of disintegration (9)
   (You found it on level 8 of the Dungeon)
Scrolls
 b - a scroll of fear {unknown}
 e - 3 scrolls of magic mapping {unknown}
 i - 9 scrolls of identify {@r1}
 n - 2 scrolls of enchant armour {unknown}
 o - 4 scrolls of remove curse {@r2}
 s - 6 scrolls of amnesia {unknown}
 y - a scroll of teleportation {unknown}
 C - 4 scrolls of fog {unknown}
Potions
 a - a potion of berserk rage {unknown}
 d - a potion of might
 f - 2 potions of brilliance {unknown}
 g - 4 potions of mutation {unknown}
 h - 7 potions of curing {unknown}
 j - 3 potions of invisibility {unknown}
 l - 6 potions of lignification {unknown}
 q - 2 potions of ambrosia {unknown}
 r - 2 potions of flight {unknown}
 z - 2 potions of cancellation {unknown}
 A - 4 potions of heal wounds {unknown}
 B - 2 potions of haste {unknown}


   Skills:
 - Level 3.2 Fighting
 + Level 12.4 Maces & Flails
 - Level 3.2 Armour
 + Level 5.2 Shields


You had 8 spell levels left.
You didn't know any spells.
Your spell library contained the following spells:

 Spells                   Type           Power        Failure   Level
 Corona                   Hex            #......      100%        1
 Magic Dart               Conj           #...         100%        1
 Blink                    Tloc           N/A          100%        2
 Call Imp                 Summ           #.......     100%        2
 Slow                     Hex            #.......     100%        2
 Conjure Flame            Conj/Fire      #.......     100%        3
 Inner Flame              Hex/Fire       #.......     100%        3
 Mephitic Cloud           Conj/Pois/Air  #.......     100%        3
 Portal Projectile        Hex/Tloc       #.....       100%        3
 Cause Fear               Hex            #.........   100%        4
 Ice Form                 Ice/Tmut       #.......     100%        4
 Leda's Liquefaction      Hex/Erth       #.........   100%        4
 Metabolic Englaciation   Hex/Ice        #.........   100%        5
 Freezing Cloud           Conj/Ice/Air   #.........   100%        6
 Ozocubu's Refrigeration  Ice            #.........   100%        6
 Simulacrum               Ice/Necr       #.........   100%        6


Dungeon Overview and Level Annotations

Branches:
Dungeon (8/15)             Temple (1/1) D:4
   Lair: D:8-11

Altars:
Ashenzari
Cheibriados
Dithmenos
Elyvilon
Fedhas
Gozag
Hepliaklqana
Kikubaaqudgha
Makhleb
Nemelex Xobeh
Okawaru
Qazlal
Ru
Sif Muna
Trog
Uskayaw
Vehumet
Wu Jian
Xom
Yredelemnul
Zin
The Shining One

Shops:
D:4 *   D:7 *


Innate Abilities, Weirdness & Mutations

You are resistant to torment.
Your stone body is resilient. (AC +6)
You are immune to poison.
You resist negative energy. (rN+)
You are resistant to electric shocks. (rElec)
You can survive without breathing.
You are immune to petrification.
You are immune to rotting.


Message History

No target in view!
No target in view!
No target in view!
No target in view!
No target in view!
You see here a stone.
You see here a stone.
Items here: ( ) ÷÷.
Things that are here:
a stone; a +0 whip
Items here: ( )))) ÷÷.
Found 13 gold pieces.
You now have 384 gold pieces (gained 13).
A quokka comes into view.
A quokka is nearby!
A quokka is nearby!
Found a wooden wand.
You block the quokka's attack.
You sock the quokka!
You kill the quokka!
No target in view!
No target in view!
No target in view!
No target in view!
No target in view!
No target in view!
No target in view!
No target in view!
A wyvern comes into view.
The wyvern hisses angrily.
A wyvern is nearby!
A wyvern is nearby!
Found a scroll labeled UPLIS QOOTEEWYLUZU.
You hit the wyvern. The wyvern bites you!
The wyvern bites you but does no damage.
You barely miss the wyvern. You block the wyvern's attack.
You hit the wyvern but do no damage. The wyvern bites you!
You closely miss the wyvern. You block the wyvern's attack.
The wyvern barely misses you.
You barely miss the wyvern. The wyvern bites you.
* * * LOW HITPOINT WARNING * * *
You barely miss the wyvern. The wyvern bites you.
* * * LOW HITPOINT WARNING * * *
The wyvern bites you!
* * * LOW HITPOINT WARNING * * *
Unknown command.
The wyvern barely misses you. You block the wyvern's attack.
The wyvern bites you!
You die...

#..(# #.#####.....# #...#
#.......#####
#..)########..####.##
#..)()..............######
#..)####.###.....#.......#
...........##..#.#.......#
.........................#
...........##..#.##......#
##'##..#.####...@l.......#
#≈.≈##.........#.##.######
≈≈.≈≈##..####.##.##.#
≈...≈≈##..# #.##.##.#
.....≈##..# #.......######
.._.._8##.# ####.##......#
##8######.# #......####.#
## ##.# #.# #^..../# .#
#..###.# #?......


You could see a wyvern.

Vanquished Creatures
  A gargoyle (D:8)
  Menkaure (D:6)
  Edmund (D:5)
  A black bear (D:5)
  An ogre (D:5)
  4 centaurs
  A big kobold (D:8)
  5 bullfrogs
  3 scorpions
  7 howler monkeys
  3 hounds
  A centaur skeleton (D:6)
  A bullfrog zombie (D:5)
  A jelly (D:8)
  An orc priest (D:6)
  3 orc wizards
  3 bullfrog skeletons
  An iguana (D:7)
  11 worker ants
  2 hound zombies
  11 gnolls
  10 adders
  A shadow imp (D:6)
  4 white imps
  An ufetubus (D:6)
  2 oozes (D:1)
  An adder skeleton (D:4)
  3 worms (D:2)
  The ghost of Tenaya the Sneak, a weakling DgDe (D:5)
  3 dart slugs
  3 leopard geckos
  26 orcs
  3 bats
  2 bat zombies (D:2)
  3 giant cockroaches
  8 goblins
  5 hobgoblins
  15 jackals
  12 kobolds
  6 quokkas
  A ball python (D:8)
  5 frilled lizards
  A leopard gecko zombie (D:5)
  A quokka zombie (D:6)
  2 rats (D:2)
  2 rat zombies (D:2)
184 creatures vanquished.

Notes
Turn   | Place    | Note
-------+----------+-------------------------------------------
     0 | D:1      | MrTaco21 the Gargoyle Fighter began the quest for the Orb.
     0 | D:1      | Reached XP level 1. HP: 14/14 MP: 1/1
   145 | D:1      | Reached XP level 2. HP: 16/19 MP: 2/2
   313 | D:1      | Reached skill level 3 in Maces & Flails
   469 | D:1      | Reached XP level 3. HP: 21/23 MP: 3/3
  1025 | D:2      | Reached skill level 4 in Maces & Flails
  1343 | D:2      | Reached XP level 4. HP: 24/28 MP: 4/4
  2091 | D:2      | Found an ancient bone altar of Kikubaaqudgha.
  2125 | D:3      | Reached skill level 5 in Maces & Flails
  2125 | D:3      | Reached XP level 5. HP: 24/32 MP: 5/5
  2890 | D:3      | Found a sacrificial altar of Ru.
  3097 | D:4      | Found Fagi's General Store.
  3154 | D:4      | Reached skill level 6 in Maces & Flails
  3212 | D:4      | Found a staircase to the Ecumenical Temple.
  3251 | D:4      | Reached XP level 6. HP: 35/37 MP: 6/6
  3261 | Temple   | Entered the Ecumenical Temple
  3428 | Temple   | Became a worshipper of Warmaster Okawaru
  3746 | D:5      | Entered Level 5 of the Dungeon
  3763 | D:5      | Noticed a black bear
  4016 | D:4      | Reached skill level 7 in Maces & Flails
  4109 | D:5      | Noticed Edmund
  4155 | D:5      | Killed a black bear
  4155 | D:5      | Reached XP level 7. HP: 27/41 MP: 7/7
  4174 | D:5      | Reached * piety under Okawaru
  4174 | D:5      | Reached skill level 8 in Maces & Flails
  4200 | D:5      | Killed Edmund
  4459 | D:5      | Reached ** piety under Okawaru
  4459 | D:5      | Reached skill level 9 in Maces & Flails
  4459 | D:5      | Reached XP level 8. HP: 39/46 MP: 8/8
  4529 | D:5      | Found a runed translucent door.
  4529 | D:5      | Noticed Tenaya's ghost (weakling DgDe)
  4745 | D:5      | Found a blossoming altar of Fedhas.
  4885 | D:5      | Killed Tenaya's ghost
  5135 | D:6      | Reached skill level 10 in Maces & Flails
  5311 | D:6      | Found a basalt altar of Yredelemnul.
  5359 | D:6      | Noticed Menkaure
  5364 | D:6      | Killed Menkaure
  6084 | D:7      | Found Niton's General Store.
  6093 | D:7      | Reached skill level 11 in Maces & Flails
  6127 | D:7      | Bought a scroll of remove curse for 36 gold pieces
  6127 | D:7      | Bought a scroll of identify for 24 gold pieces
  6182 | D:7      | Reached XP level 9. HP: 44/51 MP: 9/9
  6268 | D:7      | Reached *** piety under Okawaru
  6670 | D:7      | Found a shattered altar of Ashenzari.
  6906 | D:7      | Found a hide-covered altar of Uskayaw.
  6908 | D:7      | Found a shimmering altar of Xom.
  6983 | D:8      | Reached skill level 12 in Maces & Flails
  7049 | D:8      | Found a shimmering blue altar of Sif Muna.
  7150 | D:8      | Noticed a gargoyle
  7168 | D:8      | Killed a gargoyle
  7354 | D:8      | Found a sparkling altar of Nemelex Xobeh.
  7354 | D:8      | Found a hazy altar of Hepliaklqana.
  7354 | D:8      | Found an ornate altar of the Wu Jian Council.
  7531 | D:8      | Reached **** piety under Okawaru
  7531 | D:8      | Reached skill level 5 in Shields
  7729 | D:8      | Slain by a wyvern

Illustrated notes

Levels and vault maps discovered:
D:1:      dpeg_arrival_rhombi, layout_basic
D:2:      layout_loops_ring, lemuel_zombie_altar_kikubaaqudgha
D:3:      layout_loops_ring, nicolae_ru_path_of_blood
D:4:      layout_cave_pools, minmay_temple_entry_offerings, serial_shops,
          kennysheep_mini_moat
D:5:      layout_cave_pools, lemuel_coloured_pillars_altar,
          gammafunk_ghost_grave, uniq_edmund
D:6:      layout_basic, serial_corexii_hall, chequers_hall_statues_wall_a,
          corexii_hall_statues_l, minmay_misc_feat_ornament,
          yredelemnul_altar_generic, uniq_menkaure
D:7:      layout_basic, nicolae_overflow_hidden_temple, lemuel_crystal_altar,
          serial_shops, nicolae_shop_stone
D:8:      layout_loops_cross, gammafunk_temple_overflow_claw, led_sif_pool,
          kennysheep_windowed_goal
Temple:   hc_temple_tempest_star

Skill      XL: |  1  2  3  4  5  6  7  8  9 |
---------------+----------------------------+-----
Maces & Flails | 3 4 5 6 7 9 11 12 | 12.4
Shields        | 5 |  5.2
Fighting       | |  3.2
Armour         | |  3.2

Action                   |  1- 3 |  4- 6 |  7- 9 || total
-------------------------+-------+-------+-------++-------
Melee: Flail             |   143 |   290 |   321 ||   754
Armor: Scale mail        |   104 |    74 |   124 ||   302
       Chain mail        |       |    79 |       ||    79
Dodge: Dodged            |    35 |    45 |    46 ||   126
Block: Kite shield       |    38 |       |       ||    38
       Tower shield      |    83 |   282 |   230 ||   595

Table legend: (Time is in decaauts)
 A = Elapsed time spent in this place.
 B = Non-inter-level travel time spent in this place.
 C = Inter-level travel time spent in this place.
 D = Time resting spent in this place.
 E = Time spent auto-exploring this place.
 F = Levels seen in this place.
 G = Mean time per level.
                   A        B        C        D        E       F      G
               +--------+--------+--------+--------+--------+-----+--------+
         Total |   7901 |   7639 |    262 |   1190 |   4870 |   9 |  877.9 |
       Dungeon |   7680 |   7447 |    233 |   1190 |   4711 |   8 |  960.0 |
        Temple |    221 |    192 |     29 |      0 |    158 |   1 |  221.0 |
               +--------+--------+--------+--------+--------+-----+--------+

Top non-repeatable levels by time:
     D:2: 1435 daAuts
     D:6: 1101 daAuts
     D:4: 1010 daAuts
     D:3: 990 daAuts
     D:7: 959 daAuts
     D:8: 758 daAuts
     D:1: 753 daAuts
     D:5: 671 daAuts
  Temple: 221 daAuts
